 Dungeon Crawl Stone Soup version 0.17-a0-2098-gf59d6bc (webtiles) character file.

261 Lektor the Shield-Bearer (level 6, 22/52 HPs)
             Began as a Hill Orc Fighter on Oct 17, 2015.
             Starved to death
             ... on level 3 of the Dungeon.
             The game lasted 00:11:56 (2227 turns).

Lektor the Shield-Bearer (Hill Orc Fighter)         Turns: 2227, Time: 00:11:56

Health: 22/52      AC:  8    Str: 19      XL:     6   Next: 18%
Magic:  6/6        EV: 15    Int: 10      God:
Gold:   83         SH: 10    Dex: 13 (15) Spells: 0 memorised, 5 levels left

rFire  . . .     SeeInvis .     a - +0 war axe
rCold  . . .     Clarity  .     b - +0 scale mail
rNeg   . . .     SustAt   .     c - +0 shield
rPois  .         Gourm    .     q - +0 helmet
rElec  .         Spirit   .     (no cloak)
rCorr  .         Warding  .     (no gloves)
rMut   .         Stasis   .     (no boots)
MR     .....                    (no amulet)
Stlth  ++........               p - +3 ring of evasion
                                n - ring of stealth

@: agile, very slightly contaminated, fainting, hasted, very quick, not
resistant to hostile enchantments, unstealthy
A: no striking features
a: no special abilities


You were on level 3 of the Dungeon.
You were fainting.

You visited 1 branch of the dungeon, and saw 3 of its levels.

You collected 83 gold pieces.

Inventory:

Hand Weapons
 a - a +0 war axe (weapon)
 d - a +0 hunting sling
 i - a cursed -1 dagger
 x - a +0 blowgun
Missiles
 g - 99 stones (quivered)
 h - 10 bolts
 y - 3 poisoned needles
Armour
 b - a +0 scale mail (worn)
 c - a +0 shield (worn)
 q - a +0 helmet (worn)
 r - a +0 scale mail
Jewellery
 n - a ring of stealth (left hand)
 p - a +3 ring of evasion (right hand)
Scrolls
 m - 3 scrolls of identify {unknown}
 o - 3 scrolls of remove curse {unknown}
 s - 2 scrolls of immolation {unknown}
 t - a scroll of blinking {unknown}
 v - a scroll of enchant weapon {unknown}
 w - a scroll of fog {unknown}
 A - a scroll of noise {unknown}


   Skills:
 - Level 3.7 Fighting
 + Level 5.2 Axes
 + Level 0.3(0.4) Slings
 + Level 0.1(0.3) Throwing
 - Level 3.3 Armour
 - Level 0.1 Dodging
 + Level 0.3 Stealth
 + Level 6.0 Shields


You had 5 spell levels left.
You didn't know any spells.

Dungeon Overview and Level Annotations

Branches:
Dungeon (3/15)

Altars:
Okawaru


Message History

You slash the hungry ghost!
The hungry ghost is almost destroyed.
You block the gnoll's attack.
You barely miss the hungry ghost.
The hungry ghost is almost destroyed.
The hungry ghost barely misses you. The gnoll hits you but does no damage.
You miss the hungry ghost.
The hungry ghost is almost destroyed.
The hungry ghost hits you.
You feel slightly more hungry. The gnoll misses you.
You slash the hungry ghost!
You destroy the hungry ghost!
Your Axes skill increases to level 5!
Your Shields skill increases to level 6!
You have reached level 6!
Your experience leads to an increase in your attributes!
Your base attributes are Str 19, Int 9, Dex 10.
Increase (S)trength, (I)ntelligence, or (D)exterity?
You feel clever.
You have starved to death.
You die...

# .# #.#
#####.#
###
#....###..
#@###.#.##
#g# ##...#
#g# ###.#


.gg #.# ... #.# #.... #.# ####. #.# .# #.# #.######### You could see 4 gnolls.

Vanquished Creatures
  A hungry ghost (D:3)
  Robin (D:2)
  3 gnolls (D:3)
  4 adders
  2 worms
  An orc (D:3)
  7 hobgoblins
  3 jackals (D:2)
  A quokka (D:3)
  9 bats
  2 giant cockroaches (D:2)
  4 giant geckos
  A giant newt (D:3)
  13 goblins
  4 kobolds
  8 rats
64 creatures vanquished.

Notes
Turn   | Place    | Note
--------------------------------------------------------------
     0 | D:1      | Lektor the Hill Orc Fighter began the quest for the Orb.
     0 | D:1      | Reached XP level 1. HP: 19/19 MP: 1/1
   122 | D:1      | Reached XP level 2. HP: 25/27 MP: 2/2
   567 | D:2      | Noticed Robin
   572 | D:2      | Reached XP level 3. HP: 26/33 MP: 3/3
   577 | D:2      | Reached skill level 4 in Shields
   582 | D:2      | Killed Robin
   866 | D:2      | Reached XP level 4. HP: 35/40 MP: 4/4
  1241 | D:3      | Found an iron altar of Okawaru.
  1536 | D:3      | Reached skill level 5 in Shields
  1861 | D:3      | Reached XP level 5. HP: 25/46 MP: 5/5
  2121 | D:3      | Noticed a hungry ghost
  2226 | D:3      | Killed a hungry ghost
  2226 | D:3      | Reached skill level 5 in Axes
  2226 | D:3      | Reached skill level 6 in Shields
  2226 | D:3      | Reached XP level 6. HP: 22/52 MP: 6/6
  2227 | D:3      | Starved to death

Vault maps used:
D:1:      dpeg_arrival_pond, fountainhead
D:2:      makhleb_grotto_becter, first_bread, uniq_robin
D:3:      okawaru_ov_weapons_minmay, fedhas_altar_4

Action                   |  1- 3 |  4- 6 || total
-------------------------+-------+-------++-------
Melee: War axe           |    87 |   157 ||   244
 Fire: Blowgun           |       |     3 ||     3
       Hunting sling     |       |     4 ||     4
Throw: Stone             |       |     2 ||     2
  Use: Potion            |     1 |     3 ||     4
  Eat: Chunk             |       |     3 ||     3
       Beef jerky        |       |     1 ||     1
       Meat ration       |       |     2 ||     2
       Bread ration      |       |     2 ||     2
